 Dungeon Crawl Stone Soup version 0.31.0-9-g3a7656b989 (webtiles) character file.

Game seed: 16477256459930670049

215 Killerpretzel the Changeling (level 5, -2/35 HPs)
             Began as an Octopode Shapeshifter on Feb 6, 2024.
             Killed by divine providence
             ... invoked by an orc priest
              (15 damage)
             ... on level 4 of the Dungeon.
             The game lasted 00:07:53 (2717 turns).

Killerpretzel the Changeling (OpSh)                 Turns: 2717, Time: 00:07:53

Health: -2/35      AC:  1    Str: 13    XL:     5   Next: 92%
Magic:  5/5        EV: 14    Int: 12    God:
Gold:   86         SH:  0    Dex: 14    Spells: 4/4 levels left

rFire   . .          .
                       - Unarmed
rCold   . . .        (no shield)
rNeg    . . .        (helmet currently unavailable)
rPois   .            (no amulet)
rElec   .            k - ring of flight
rCorr   .            (no ring)
SInv    .            (no ring)
Will    .....        (no ring)
Stlth   ++           (no ring)
HPRegen 0.25/turn    (no ring)
MPRegen 0.09/turn    (no ring)
                     (no ring)

%: no passive effects
@: beast-form, flying
A: beast (slay +2), almost no armour, amphibious, 8 rings, camouflage 1,
gelatinous body 1, (nimble swimmer 1), tentacles
a: Begin Untransformation


You were on level 4 of the Dungeon.
You were a hulking beast.
You visited 1 branch of the dungeon, and saw 4 of its levels.

You collected 86 gold pieces.

Inventory:

Missiles
 j - a boomerang (quivered)
Jewellery
 i - a ring of resist corrosion
 k - a ring of flight (left tentacle)
Talismans
 b - a beast talisman
 c - a flux talisman
 l - a maw talisman
Scrolls
 d - a scroll of immolation
 h - a scroll of vulnerability {unknown}
Potions
 a - a potion of lignification
 e - 2 potions of curing
 f - a potion of brilliance {unknown}
 g - 2 potions of mutation {unknown}


   Skills:
 + Level 2.5 Fighting
 + Level 3.1 Dodging
 + Level 3.9 Unarmed Combat
 * Level 4.4 Shapeshifting


You had 4 spell levels left.
You didn't know any spells.
Your spell library contained the following spells:

 Spells                   Type           Power      Damage    Failure   Level
 Freeze                   Ice            0%         1d3       32%         1
 Frozen Ramparts          Ice            0%         1d1       69%         3
 Hailstorm                Conj/Ice       0%         3d5       69%         3


Dungeon Overview and Level Annotations

Branches:
Dungeon (4/15)
 Temple: D:4-7

Altars:

Shops:
D:1 (

Annotations:
D:4 Natasha


Innate Abilities, Weirdness & Mutations

You are a hulking beast.
Your limbs bulge with bestial killing power. (Slay +2)
You cannot wear most types of armour.
You are amphibious.
You can wear up to eight rings at the same time.
Your skin changes colour to match your surroundings (Stealth+).
Your rubbery body absorbs attacks. (AC +1, EV +1)
((You are camouflaged when in or above water. (Stealth+)))
You have tentacles for arms and can constrict up to eight enemies at once.


Message History

The kobold throws a stone.
The stone barely misses you.
A kobold is nearby!
The kobold hits you but does no damage.
A kobold is nearby!
You tentacle-slap the kobold. Your grab misses the kobold.
You tentacle-slap the kobold.
You kill the kobold!
Things that are here:
a +0 dagger; 2 stones Natasha, Servant of Life and Death comes into view.
A ball python comes into view.
There are monsters nearby!
There are monsters nearby!
The ball python hisses angrily.
Natasha hisses angrily.
There are monsters nearby!
An orc comes into view. It is wielding a +0 dagger.
The orc shouts!
You hear a shout!
The orc moves out of view.
An orc wizard comes into view. It is wielding a +0 dagger.
There are monsters nearby!
You barely miss Natasha. You grab Natasha.
You squeeze Natasha, but do no damage. You constrict Natasha.
Natasha claws you. The ball python closely misses you.
The ball python grabs you. The ball python constricts you.
There are monsters nearby!
You tentacle-slap the ball python.
You kill the ball python!
You constrict Natasha. Natasha claws you!
You release your grip on Natasha.
Natasha mewls in sadness.
An orc priest comes into view. It is wielding a +0 dagger.
Natasha barely misses you. Natasha casts a spell at you.
The magic dart hits you!
Natasha mumbles some strange words.
As you read the scroll of immolation, it crumbles to dust.
The creatures around you are filled with an inner flame!
The orc priest invokes the aid of Beogh against you.
Beogh smites you!
You die...

##.#### #.....## #......#
#### ##....### #..#
##.....## ###..###
###..##...######......#
###†.h.....###..#.......#
#...........#....##.......
.......o.5.h.......#......#.
..........................##
..........................#
...).o.....)..)#..#......###
....o......##..##........#..
...##..........#.......).#..
##......................
..............#.#...###
.##.......#....#...#.#


You could see an orc priest (inner flame), an orc wizard (inner flame), Natasha
(inner flame), a cerulean imp (summoned, inner flame) and an orc (inner flame).

Vanquished Creatures
  A hound (D:4)
  An iguana (D:3)
  An orc wizard (D:3)
  2 adders (D:2)
  3 gnolls (D:2)
  3 dart slugs
  A ribbon worm (D:2)
  2 orcs (D:3)
  10 ball pythons
  8 bats
  5 endoplasms
  4 giant cockroaches
  5 goblins
  3 hobgoblins
  10 kobolds
  5 quokkas
  5 frilled lizards
  3 rats
72 creatures vanquished.

Notes
Turn   | Place    | Note
-------+----------+-------------------------------------------
     0 | D:1      | Killerpretzel the Octopode Shapeshifter began the quest for
                  | the Orb.
     0 | D:1      | Reached XP level 1. HP: 13/13 MP: 1/1
   170 | D:1      | Reached XP level 2. HP: 14/18 MP: 2/2
   254 | D:1      | Found Hiddath's Antique Weapon Shop.
   684 | D:1      | Reached XP level 3. HP: 21/23 MP: 3/3
  1291 | D:2      | Reached XP level 4. HP: 29/29 MP: 4/4
  1949 | D:2      | Reached skill level 4 in Shapeshifting
  2019 | D:3      | Reached XP level 5. HP: 30/34 MP: 5/5
  2706 | D:4      | Noticed Natasha
  2717 | D:4      | Killed from afar by an orc priest

Illustrated notes

Levels and vault maps discovered:
D:1:      amcnicky_arrival_flooded_fountain, layout_basic, serial_shops, shop
D:2:      minmay_evil_eye, layout_loops_ring
D:3:      layout_basic
D:4:      layout_cave_pools, nicolae_wormholes, uniq_natasha

Skill      XL: |  1  2  3  4  5 |
---------------+----------------+-----
Fighting       | 2 |  2.5
Shapeshifting  | 4 |  4.4
Dodging        | 3 |  3.1
Unarmed Combat | |  3.9

Action                     |  1- 3 |  4- 6 || total
---------------------------+-------+-------++-------
  Melee: Unarmed           |    59 |    82 ||   141
         Constrict         |    11 |    26 ||    37
         Tentacles         |     7 |    18 ||    25
         Punch             |     1 |     4 ||     5
    Use: Scroll            |       |     6 ||     6
   Stab: Sleeping          |     6 |     6 ||    12
 Armour: Skin              |    27 |    31 ||    58
  Dodge: Dodged            |    34 |    49 ||    83
